Map: Lightshade LE

Players

Furis - Winner!

  • Race: Terran Terran
  • Spawn Location: 5:00

A.I. 1 (Elite)

  • Race: Protoss Protoss
  • Spawn Location: 11:00

VOD

Have the link to the VOD?

Description

Time

  • Played on: March 31, 2021, 1:40 a.m.
  • Length: 4:37
Show
View Real Time Build Order
Export as new Build Order

Furis Terran - Winner!

Build Orders:  

Get SALT Encoding   

  12  0:00  SCV  
  13  0:12  SCV  
  14  0:18  Supply Depot  
  14  0:24  SCV  
  15  0:30  Refinery  
  15  0:42  Barracks  
  15  0:46  SCV  
  16  0:54  Refinery  
  16  0:59  SCV  
  17  1:11  SCV  
  18  1:23  SCV  
  19  1:30  Ghost Academy  
  19  1:31  Barracks Tech Lab  
  19  1:41  Orbital Command  
  19  1:59  Ghost  
  21  2:09  Supply Depot  
  21  2:16  Personal Cloaking  
  21  2:25  SCV  
  22  2:36  Ghost  
  24  2:38  SCV  
  25  2:44  Bunker  
  25  3:06  Ghost  
  25  3:08  SCV  
  27  3:35  Ghost  
  27  3:44  Command Center  
  27  4:03  Ghost  
Show
View Real Time Build Order
Export as new Build Order

A.I. 1 (Elite) Protoss 

Build Orders:  

Get SALT Encoding   

  12  0:00  Probe  
  13  0:13  Probe  
  14  0:19  Pylon  
  14  0:25  Probe  
  15  0:33  Probe  
  15  0:41  Probe  
  16  0:47  Assimilator  
  17  0:51  Gateway, Probe  
  18  0:59  Probe  
  18  1:01  Pylon  
  19  1:07  Probe  
  19  1:18  Probe  
  21  1:30  Probe  
  22  1:39  Zealot  
  24  1:42  Probe  
  25  1:48  Nexus  
  25  1:59  Cybernetics Core, Probe  
  26  2:07  Probe  
  26  2:15  Probe  
  28  2:25  Pylon  
  28  2:26  Warp Gate  
  28  2:27  Probe  
  29  2:35  Stalker  
  29  2:36  Gateway  
  31  2:41  Assimilator  
  31  2:43  Probe  
  29  2:58  Zealot  
  29  3:00  Probe  
  27  3:08  Probe  
  27  3:13  Probe  
  27  3:19  Robotics Facility  
  17  3:27  Stalker  
  15  3:44  Probe  
  12  3:51  Probe  
  12  3:57  Probe  
  13  4:05  Probe  
  13  4:09  Probe  
Tags
 
Add a new tag
Caveats
  • Supply blocks, unpowered buildings, or Contaminate may cause inaccurate times.
  • Supply counts are checked every 10 seconds.